 Dungeon Sprint DCSS version 0.31-a0-256-g80acddb972 (webtiles) character file.

Game seed: 16706789445930787004

338184 Conn the Sorcerer (level 15, 28/92 HPs)
             Began as an Octopode Fire Elementalist on July 13, 2023.
             Was the Champion of Sif Muna.
             Escaped with the Orb!
             The game lasted 01:46:16 (8398 turns).

Conn the Sorcerer (Octopode Fire Elementalist)      Turns: 8398, Time: 01:46:17

Health: 28/92      AC: 13    Str:  3 (5)  XL:     15   Next: 79%
Magic:  7/46       EV: 19    Int: 33 (34) God:    Sif Muna [******]
Gold:   4611       SH: 16    Dex: 17      Spells: 5/60 levels left

rFire   + + .        O - +3 Elemental Staff {rElec rF+ rC+ AC+3}
rCold   + + +        C - +3 buckler of the Garden {rPois rN+ Int+4}
rNeg    + + .        v - +1 hat
rPois   +            m - amulet "Ditig" {Spirit rElec rF+ Regen+ Dex+4}
rElec   +            B - ring of resist corrosion
rCorr   +            E - ring of see invisible
SInv    +            y - ring of the Octopus King {Wiz HP+2 AC+2 EV+2 SH+2}
Will    +++..        z - +4 ring of protection
Stlth   ++           S - ring of wizardry
HPRegen 1.15/turn    w - ring "Upoasah" {rElec rC++ Will+ Slay+3}
MPRegen 0.30/turn    Z - ring of the Solstice {Fly rC+ Int+5}
                     U - ring of Hojukim {rN+ Will+ MP+9}

%: no teleportation, guardian spirit, wizardry (x2)
@: channelling, flying
A: almost no armour, amphibious, 8 rings, camouflage 1, gelatinous body 1,
(nimble swimmer 1), tentacles, iridescent scales 1, large bone plates 1,
deterioration 2, low MP 1, weak 1, wild magic 2
0: Orb of Zot
a: Renounce Religion, Channel Magic, Forget Spell, Divine Exegesis


You escaped.
You worshipped Sif Muna.
Sif Muna was exalted by your worship.
You visited 1 branch You collected 12078 gold pieces.
You spent 7467 gold pieces at shops.

Inventory:

Hand Weapons
 K - the +6 Majin-Bo {spellvamp, MP+6 Int+6}
   (You took it off an orc sorcerer in the Dungeon)

   Int:       It affects your intelligence (+6).
   MP:        It affects your magic capacity (+6).
 L - the +3 glaive of Resumed Hostilities {vamp, *Slow rC+++ Str+3}
   (You took it off an orc sorcerer in the Dungeon)

   Str:       It affects your strength (+3).
   rC:        It renders you almost immune to cold.
   *Slow:     It may slow you when you take damage.
 O - the +3 Elemental Staff (weapon) {rElec rF+ rC+ AC+3}
   (You found it in the Dungeon)

   It enhances your fire, ice, earth and air magic.
   AC:        It affects your AC (+3).
   rF:        It protects you from fire.
   rC:        It protects you from cold.
   rElec:     It insulates you from electricity.
Missiles
 h - 2 throwing nets
 H - 5 curare-tipped darts
Armour
 v - a +1 hat (worn)
 C - the +3 buckler of the Garden (worn) {rPois rN+ Int+4}
   (You acquired it in the Dungeon)

   Int:       It affects your intelligence (+4).
   rPois:     It protects you from poison.
   rN:        It protects you from negative energy.
 Y - the +2 buckler of Elaoron {Harm Regen+ rCorr}
   (You acquired it in the Dungeon)

   Regen:     It increases your rate of health regeneration.
   rCorr:     It protects you from acid and corrosion.
   Harm:      It increases damage dealt and taken.
Magical Staves
 o - the staff "Kiucosy" {rF++ Str+2 Int-2 Conj Earth}
   (You found it in the Dungeon)

   [staff of earth]

   Base accuracy: +5 Base damage: 5 Base attack delay: 1.2 This weapon's minimum
   attack delay (0.6) is reached at skill level 12.
   Str:       It affects your strength (+2).
   Int:       It affects your intelligence (-2).
   rF:        It greatly protects you from fire.
   Conj:      It increases the power of your Conjurations spells.
   Earth:     It increases the power of your Earth spells.
   It falls into the 'Staves' category.
   It is a one-tentacled weapon.
 G - the staff "Bajequnn" {rElec Dex+3 Air}
   (You found it in the Dungeon)

   [staff of air]

   Base accuracy: +5 Base damage: 5 Base attack delay: 1.2 This weapon's minimum
   attack delay (0.6) is reached at skill level 12.
   Dex:       It affects your dexterity (+3).
   rElec:     It insulates you from electricity.
   Air:       It increases the power of your Air spells.
   It falls into the 'Staves' category.
   It is a one-tentacled weapon.
Jewellery
 m - the amulet "Ditig" (around mantle) {Spirit rElec rF+ Regen+ Dex+4}
   (You took it off an orc sorcerer in the Dungeon)

   [amulet of guardian spirit]

   It causes incoming damage to be divided between your reserves of health and
   magic.
   Dex:       It affects your dexterity (+4).
   rF:        It protects you from fire.
   rElec:     It insulates you from electricity.
   Regen:     It increases your rate of health regeneration.
 w - the ring "Upoasah" (on tentacle) {rElec rC++ Will+ Slay+3}
   (You acquired it in the Dungeon)

   [ring of willpower]

   Slay:      It affects your accuracy & damage with ranged weapons and melee
   (+3).
   rC:        It greatly protects you from cold.
   rElec:     It insulates you from electricity.
   Will:      It increases your willpower.
 x - the ring of Kag Domox {rPois MP+9}
   (You bought it in a shop in the Dungeon)

   [ring of magical power]

   rPois:     It protects you from poison.
   MP:        It affects your magic capacity (+9).
 y - a ring of the Octopus King (on tentacle) {Wiz HP+2 AC+2 EV+2 SH+2}
   (You bought it in a shop in the Dungeon)

   [ring of wizardry]

   It improves your spell success rate.
   AC:        It affects your AC (+2).
   EV:        It affects your evasion (+2).
   HP:        It affects your health (+2).
   SH:        It affects your SH (+2).
 z - a +4 ring of protection (on tentacle)
 A - a ring of magical power
 B - a ring of resist corrosion (left tentacle)
 E - a ring of see invisible (right tentacle)
 J - a ring of protection from cold
 R - a +6 ring of intelligence
 S - a ring of wizardry (on tentacle)
 U - the ring of Hojukim (on tentacle) {rN+ Will+ MP+9}
   (You found it in the Dungeon)

   [ring of willpower]

   rN:        It protects you from negative energy.
   MP:        It affects your magic capacity (+9).
   Will:      It increases your willpower.
 Z - the ring of the Solstice (on tentacle) {Fly rC+ Int+5}
   (You found it in the Dungeon)

   [ring of flight]

   Int:       It affects your intelligence (+5).
   rC:        It protects you from cold.
   Fly:       It grants you flight.
Talismans
 i - a storm talisman
 q - a storm talisman
 s - a maw talisman
Wands
 n - a wand of charming (10)
 D - a wand of polymorph (7)
 M - a wand of mindburst (5)
 N - a wand of acid (11)
Scrolls
 g - a scroll of enchant weapon
 p - a scroll of torment
 t - 2 scrolls of poison
 u - a scroll of silence
 Q - a scroll of identify
 W - a scroll of blinking
Potions
 a - 24 potions of magic
 b - 11 potions of curing
 c - 4 potions of heal wounds
 d - a potion of experience {unknown}
 e - 28 potions of mutation
 f - a potion of might
 k - 2 potions of ambrosia
 l - 2 potions of resistance
 r - 8 potions of enlightenment
 I - 4 potions of haste
 P - a potion of berserk rage
 V - 2 potions of lignification
 X - 2 potions of cancellation
Miscellaneous
 j - a phantom mirror
 F - a box of beasts


   Skills:
 + Level 4.4 Fighting
 + Level 3.1 Staves
 + Level 8.5 Dodging
 - Level 8.6 Stealth
 + Level 10.2 Shields
 - Level 2.5 Unarmed Combat
 + Level 23.1 Spellcasting
 + Level 19.5 Conjurations
 + Level 5.8 Hexes
 + Level 13.7 Summonings
 + Level 9.2 Translocations
 + Level 20.1 Fire Magic
 + Level 3.1 Ice Magic
 - Level 5.0 Air Magic
 - Level 18.4 Invocations


You had 5 spell levels left.
You knew the following spells:

 Your Spells              Type           Power      Damage    Failure   Level
a - Foxfire               Conj/Fire      100%       2x1d9     1%          1
b - Hailstorm             Conj/Ice       100%       3d20      1%          3
c - Orb of Destruction    Conj           66%        9d16      1%          7
d - Fireball              Conj/Fire      79%        3d29      1%          5
e - Malign Gateway        Summ/Tloc      55%        N/A       5%          7
f - Summon Hydra          Summ           58%        N/A       2%          7
g - Ignition              Fire           80%        3d21      1%          8
h - Blink                 Tloc           100%       N/A       1%          2
i - Iskenderun's Mystic   Conj/Tloc      100%       2d19      1%          4
j - Starburst             Conj/Fire      79%        6d20      1%          6
k - Summon Guardian Gole  Hex/Summ       100%       N/A       1%          3
l - Summon Small Mammal   Summ           100%       N/A       1%          1
m - Apportation           Tloc           100%       N/A       1%          1

Your spell library contained the following spells:

 Spells                   Type           Power      Damage    Failure   Level
 Freeze                   Ice            100%       1d10      1%          1
 Kiss of Death            Conj/Necr      100%       2d13      1%          1
 Magic Dart               Conj           100%       1d8       1%          1
 Shock                    Conj/Air       100%       1d9       1%          1
 Sting                    Tmut/Pois      100%       1d8       1%          1
 Call Imp                 Summ           100%       N/A       1%          2
 Cigotuvi's Dreadful Rot  Necr/Pois/Air  100%       N/A       1%          2
 Ensorcelled Hibernation  Hex/Ice        100%       N/A       1%          2
 Lesser Beckoning         Tloc           100%       N/A       1%          2
 Momentum Strike          Conj/Tloc      100%       3d10      1%          2
 Poisonous Vapours        Pois/Air       100%       N/A       1%          2
 Scorch                   Fire           100%       2d9       1%          2
 Searing Ray              Conj           100%       2d8       1%          2
 Static Discharge         Conj/Air       100%       2-7/arc   1%          2
 Sublimation of Blood     Necr           57%        N/A       1%          2
 Call Canine Familiar     Summ           100%       N/A       1%          3
 Dazzling Flash           Conj/Hex       100%       N/A       1%          3
 Frozen Ramparts          Ice            100%       1d16      1%          3
 Gell's Gravitas          Tloc           100%       N/A       1%          3
 Ignite Poison            Fire/Tmut/Pois 100%       N/A       1%          3
 Inner Flame              Hex/Fire       100%       N/A       1%          3
 Mephitic Cloud           Conj/Pois/Air  100%       N/A       1%          3
 Portal Projectile        Hex/Tloc       100%       N/A       1%          3
 Stone Arrow              Conj/Erth      100%       3d13      1%          3
 Swiftness                Air            100%       N/A       1%          3
 Teleport Other           Tloc           100%       N/A       1%          3
 Vhi's Electric Charge    Tloc/Air       100%       N/A       1%          3
 Volatile Blastmotes      Fire/Tloc      100%       2d18      1%          3
 Airstrike                Air            53%        2d(8-24)  1%          4
 Cause Fear               Hex            44%        N/A       1%          4
 Flame Wave               Conj/Fire      100%       2d21      1%          4
 Fulminant Prism          Conj/Hex       57%        3d24      1%          4
 Manifold Assault         Tloc           100%       N/A       1%          4
 Passage of Golubria      Tloc           100%       N/A       1%          4
 Sticky Flame             Conj/Fire      100%       2d11      1%          4
 Summon Ice Beast         Ice/Summ       100%       N/A       1%          4
 Summon Lightning Spire   Summ/Air       100%       N/A       1%          4
 Arcjolt                  Conj/Air       68%        1d78      1%          5
 Freezing Cloud           Conj/Ice/Air   75%        6-21      1%          5
 Irradiate                Conj/Tmut      52%        3d29      1%          5
 Iskenderun's Battlesphe  Conj           100%       2d15      1%          5
 Summon Forest            Summ/Tloc      55%        N/A       1%          5
 Summon Mana Viper        Hex/Summ       100%       N/A       1%          5
 Vampiric Draining        Necr           57%        2d10      2%          3
 Anguish                  Hex/Necr       37%        N/A       2%          4
 Silence                  Hex/Air        54%        N/A       2%          5
 Animate Dead             Necr           57%        N/A       7%          4
 Olgreb's Toxic Radiance  Pois           57%        N/A       7%          4
 Petrify                  Tmut/Erth      75%        N/A       7%          4
 Agony                    Necr           57%        N/A       16%         5
 Borgnjor's Vile Clutch   Necr/Erth      37%        N/A       16%         5
 Conjure Ball Lightning   Conj/Air       68%        3x3d25    1%          6
 Plasma Beam              Fire/Air       82%        2x1d100   1%          6
 Summon Cactus Giant      Summ           58%        N/A       1%          6
 Spellforged Servitor     Conj/Summ      63%        N/A       1%          7
 Leda's Unmaking          Conj/Erth      64%        9d10      2%          6
 Monstrous Menagerie      Summ           58%        N/A       2%          7
 Dispersal                Tloc           51%        N/A       3%          6
 Summon Horrible Things   Summ           58%        N/A       13%         8
 Fire Storm               Conj/Fire      79%        8d20      16%         9
 Haunt                    Necr/Summ      46%        N/A       24%         7
 Simulacrum               Ice/Necr       43%        N/A       34%         6
 Enfeeble                 Hex            44%        N/A       34%         7
 Lehudib's Crystal Spear  Conj/Erth      64%        10d15     45%         8
 Death Channel            Necr           28%        N/A       54%         6
 Eringya's Noxious Bog    Tmut/Pois      28%        4d6       54%         6
 Disjunction              Tloc           51%        N/A       54%         8
 Ozocubu's Refrigeration  Ice            48%        4d18      65%         7
 Dragon's Call            Summ           58%        N/A       78%         9
 Discord                  Hex            44%        N/A       90%         8
 Chain Lightning          Conj/Air       68%        3d91      92%         9
 Maxwell's Capacitive Co  Air            53%        ∞         95%         8
 Borgnjor's Revivificati  Necr           28%        N/A       100%        8
 Death's Door             Necr           28%        N/A       100%        9


Dungeon Overview and Level Annotations

Branches:
Dungeon (1/1)

Altars:
Cheibriados
Dithmenos
Elyvilon
Fedhas
Gozag
Hepliaklqana
Kikubaaqudgha
Makhleb
Nemelex Xobeh
Okawaru
Qazlal
Ru
Sif Muna
Trog
Uskayaw
Vehumet
Wu Jian
Xom
Yredelemnul
Zin
The Shining One
Jiyva
Lugonu

Shops:
D *(::?[*(=?*!!***[??:=!?((=*(![([[:::

Annotations:
D Roxanne


Innate Abilities, Weirdness & Mutations

You cannot wear most types of armour.
You are amphibious.
You can wear up to eight rings at the same time.
Your skin changes colour to match your surroundings (Stealth+).
Your rubbery body absorbs attacks. (AC +1, EV +1)
((You are camouflaged when in or above water. (Stealth+)))
You have tentacles for arms and can constrict up to eight enemies at once.
You are partially covered in iridescent scales. (AC +2)
You are partially covered in large bone plates. (SH +4)
Your body often deteriorates upon taking damage.
Your magical capacity is low. (-10% MP)
You are weak. (Str -2)
Your spells are harder to cast, but more powerful.


Message History

Casting: Starburst (mildly dangerous; 1% risk of failure)
Press: ? - help, Dir - look around, f - activate You feel a surge of power!
The bolt of fire hits the Orb Guardian!!!!
The Orb Guardian is almost dead.
The Orb Guardian closely misses you.
Unknown command.
Casting: Starburst (mildly dangerous; 1% risk of failure)
Confirm with . or Enter, or press ? or * to list all spells.
Casting: Starburst (mildly dangerous; 1% risk of failure)
Press: ? - help, Dir - look around, f - activate You feel a surge of power!
The bolt of fire misses the Orb Guardian.
The Orb Guardian hits you!
Unknown command.
Casting: Starburst (mildly dangerous; 1% risk of failure)
Confirm with . or Enter, or press ? or * to list all spells.
You don't have enough magic to cast this spell.
Unknown command.
The Orb Guardian hits you!!
Your body deteriorates!
You feel weakened. The Orb Guardian misses you.
Unknown command.
Casting: Starburst (mildly dangerous; 1% risk of failure)
Confirm with . or Enter, or press ? or * to list all spells.
Casting: Starburst (mildly dangerous; 1% risk of failure)
Press: ? - help, Dir - look around, f - activate You feel a surge of power!
The bolt of fire misses the Orb Guardian.
The Orb Guardian hits you!!!
* * * LOW HITPOINT WARNING * * *
Your body deteriorates!
You feel weakened.
Casting: Starburst (mildly dangerous; 1% risk of failure)
Confirm with . or Enter, or press ? or * to list all spells.
Okay, then.
Casting: Starburst (mildly dangerous; 1% risk of failure)
Confirm with . or Enter, or press ? or * to list all spells.
You blink.
You can't go down here!
You have escaped!

##########))#+++#+++#####....#.##
#########~~~.........#/.†....#..#
∩.∩.....#~~~~.##'##..#.◑####.#..#
.∩.∩....#~~.~##.#.##.####.†'.##.#
..∩.∩...#~~~~#..#..#....#.†#...##
...∩.∩..#~~####.#.####..#####..##
....∩.⌠.#~##.###÷###.##..#..'..#.
...∩.∩..#~#..###.###.)#..#..#..#.
=...∩...')'.##'.@.'.##'..####.°##
.∩.∩....#~#.#)##X###..#....###...
▓▓▓▓▓▓###~##.###'###.##......~~~~
...######~[####.#2####~~..§§.~#'#
)..#).!.##~~~#.###.#~~~~.~~§.~#..
∩..'.[#'##'#~##.#○##~~~~~§~§.~#..
)..#.##≈##.#~~##X##~~~≈§§~~~§~#..
...###≈≈≈####~~2~°~~~§~≈≈§≈~~~#..
#'###≈§§§≈# #'2'#'''#§≈≈≈≈≈≈≈~#._


You could see an Orb Guardian (poisoned) and a green death.

Vanquished Creatures
  Gloorx Vloq (D)
  A royal mummy (D)
  the Lernaean hydra (D)
  A curse toe (D)
  2 golden dragons (D)
  A hellephant (D)
  An electric golem (D)
  An Ice Fiend (D)
  2 Orb Guardians (D)
  A kraken (D)
  A deep elf master archer (D)
  Murray (D)
  2 sphinxes (D)
  2 storm dragons (D)
  A draconian knight (D)
  A frost giant (D)
  2 cacodemons (D)
  3 lorocyprocas (D)
  Nessos (D)
  A dire elephant (D)
  A crystal guardian (D)
  An iron golem (D)
  A deep elf high priest (D)
  A fire dragon (D)
  A great orb of eyes (D)
  An iron elemental (D)
  2 boulder beetles (D)
  A centaur warrior (D)
  A death yak (D)
  2 hell hogs (D)
  Sonja (D)
  A sun demon (D)
  4 sixfirhies (D)
  2 death drakes (D)
  A glowing orange brain (D)
  2 deep trolls (D)
  An orange crystal statue (D)
  A shadow demon (D)
  An obsidian statue (D)
  An oklob plant (D)
  2 orc sorcerers (D)
  15 shining eyes (D)
  3 manticores (D)
  An elephant (D)
  An ice statue (D)
  3 toenail golems (D)
  3 orange demons (D)
  An eye of devastation (D)
  2 cane toads (D)
  A kobold demonologist (D)
  2 unseen horrors (D)
  A yaktaur (D)
  A red devil (D)
  5 polar bears (D)
  A hornet (D)
  3 slime creatures (D)
  4 flying skulls (D)
  2 nameless horrors (D)
  4 wyverns (D)
  3 yaks (D)
  A neqoxec (D)
  A redback (D)
  A golden eye (D)
  Menkaure (D)
  8 water moccasins (D)
  10 floating eyes (D)
  2 swamp drakes (D)
  2 black bears (D)
  5 scorpions (D)
  A necrophage (D)
  2 earth elementals (D)
  4 lava snakes (D)
  4 orc priests (D)
  A jelly (D)
  An iron imp (D)
  2 spectral adders (D)
  2 tentacles (D)
160 creatures vanquished.

Vanquished Creatures (collateral kills)
  A bone dragon (D)
  A hellephant (D)
  A deep elf blademaster (D)
  3 quicksilver dragons (D)
  Gastronok (D)
  Kirke (D)
  A draconian shifter (D)
  A cacodemon (D)
  A vampire knight (D)
  A yaktaur captain (D)
  A skeletal warrior (D)
  A cherub (D)
  A harpy (D)
  An orc sorcerer (D)
  2 flying skulls (D)
  A redback (D)
  2 neqoxecs (D)
  A black bear (D)
22 creatures vanquished.

Vanquished Creatures (others)
  8 eldritch tentacles (D)
  A neqoxec (D)
  2 ballistomycete spores (D)
  2 fire vortices (D)
  128 foxfires (D)
  6 fulminant prisms (D)
  12 tentacles (D)
159 creatures vanquished.

Grand Total: 341 creatures vanquished

Notes
Turn   | Place    | Note
-------+----------+-------------------------------------------
     0 | D        | Conn the Octopode Fire Elementalist began the quest for the
                  | Orb.
     0 | D        | Reached XP level 1. HP: 11/11 MP: 3/3
     1 | D        | Noticed a scorpion
     1 | D        | Noticed a scorpion
     7 | D        | Killed a scorpion
     8 | D        | Reached skill level 3 in Spellcasting
     8 | D        | Reached XP level 2. HP: 13/18 MP: 2/6
     8 | D        | Reached XP level 3. HP: 16/22 MP: 2/8
     8 | D        | Reached XP level 4. HP: 19/27 MP: 2/9
     9 | D        | Killed a scorpion
    10 | D        | Reached skill level 4 in Spellcasting
    10 | D        | Reached XP level 5. HP: 21/32 MP: 2/11
    17 | D        | Learned a level 2 spell: Scorch
    21 | D        | Learned a level 3 spell: Inner Flame
    26 | D        | Learned a level 4 spell: Flame Wave
    60 | D        | Reached skill level 1 in Fighting
    60 | D        | Reached skill level 5 in Stealth
    63 | D        | Reached skill level 1 in Unarmed Combat
    63 | D        | Reached skill level 5 in Spellcasting
    63 | D        | Reached XP level 6. HP: 34/38 MP: 0/14
    82 | D        | Noticed a water moccasin
    91 | D        | Killed a water moccasin
    92 | D        | Reached skill level 5 in Dodging
   108 | D        | Found a snail-covered altar of Cheibriados.
   109 | D        | Found a shadowy altar of Dithmenos.
   109 | D        | Found a viscous altar of Jiyva.
   110 | D        | Found a white marble altar of Elyvilon.
   110 | D        | Found an ancient bone altar of Kikubaaqudgha.
   111 | D        | Found a blossoming altar of Fedhas.
   111 | D        | Found a corrupted altar of Lugonu.
   111 | D        | Found a shimmering blue altar of Sif Muna.
   111 | D        | Noticed Menkaure
   112 | D        | Found an opulent altar of Gozag.
   112 | D        | Found a burning altar of Makhleb.
   112 | D        | Found a bloodstained altar of Trog.
   113 | D        | Found a sparkling altar of Nemelex Xobeh.
   113 | D        | Found a hide-covered altar of Uskayaw.
   113 | D        | Found a basalt altar of Yredelemnul.
   114 | D        | Found an iron altar of Okawaru.
   114 | D        | Found a radiant altar of Vehumet.
   114 | D        | Found a glowing silver altar of Zin.
   114 | D        | Found a hazy altar of Hepliaklqana.
   114 | D        | Found a sacrificial altar of Ru.
   114 | D        | Found a shimmering altar of Xom.
   115 | D        | Found a stormy altar of Qazlal.
   115 | D        | Found an ornate altar of the Wu Jian Council.
   115 | D        | Found a glowing golden altar of the Shining One.
   116 | D        | Killed Menkaure
   117 | D        | Reached skill level 6 in Spellcasting
   117 | D        | Reached skill level 10 in Fire Magic
   119 | D        | Noticed a water moccasin
   120 | D        | Noticed a water moccasin
   123 | D        | Became a worshipper of Sif Muna the Loreminder
   137 | D        | Noticed a water moccasin
   138 | D        | Noticed a kraken
   268 | D        | Identified 3 scrolls of acquirement
   268 | D        | Acquired 900 gold pieces
   270 | D        | Acquired a staff of fire
   273 | D        | Acquired 1020 gold pieces
   303 | D        | Killed a water moccasin
   304 | D        | Reached XP level 7. HP: 41/44 MP: 9/16
   313 | D        | Reached skill level 7 in Spellcasting
   313 | D        | Noticed a flying skull
   317 | D        | Reached * piety under Sif Muna
   328 | D        | Noticed a flying skull
   328 | D        | Noticed a flying skull
   328 | D        | Noticed a flying skull
   328 | D        | Noticed a flying skull
   328 | D        | Noticed a flying skull
   340 | D        | Noticed a deep troll
   345 | D        | Noticed a deep troll
   473 | D        | Killed a deep troll
   474 | D        | Reached skill level 9 in Spellcasting
   474 | D        | Reached XP level 8. HP: 50/50 MP: 6/21
   555 | D        | Killed a deep troll
   556 | D        | Reached skill level 10 in Spellcasting
   603 | D        | Noticed Roxanne
   678 | D        | Learned a level 4 spell: Fulminant Prism
   683 | D        | Learned a level 4 spell: Airstrike
   688 | D        | Learned a level 4 spell: Summon Lightning Spire
   690 | D        | Noticed a yaktaur
   690 | D        | Noticed a hornet
   690 | D        | Noticed a polar bear
   709 | D        | Noticed a wyvern
   709 | D        | Noticed a wyvern
   711 | D        | Killed a wyvern
   711 | D        | Reached ** piety under Sif Muna
   712 | D        | Reached skill level 1 in Summonings
   712 | D        | Reached skill level 1 in Air Magic
   712 | D        | Reached skill level 1 in Invocations
   712 | D        | Reached XP level 9. HP: 35/55 MP: 16/23
   720 | D        | Noticed an obsidian statue
   730 | D        | Found Tyuzxoel's Antique Armour Shop.
   731 | D        | Found Plog's Jewellery Shop.
   731 | D        | Found Taghoe Cugu's Weapon Boutique.
   731 | D        | Found Lopny's Distillery.
   741 | D        | Found Afyi's Magic Scroll Boutique.
   741 | D        | Found Wuotsep's Magic Scroll Shop.
   747 | D        | Found Botiq's Book Shop.
   747 | D        | Found Yhawa's Antique Weapon Shop.
   747 | D        | Found Vuudwaix's Assorted Antiques.
   748 | D        | Found Nomaz's Antique Armour Boutique.
   750 | D        | Found Xeisoa's Distillery.
   771 | D        | Found Quwi's Jewellery Boutique.
   771 | D        | Found Innes's Antique Weapon Shop.
   771 | D        | Noticed an oklob plant
   772 | D        | Found Lume's Book Shoppe.
   772 | D        | Found Suusycw's Book Boutique.
   777 | D        | Noticed a great orb of eyes
   795 | D        | Bought a scroll of acquirement for 520 gold pieces
   795 | D        | Acquired the ring "Upoasah" {rElec rC++ Will+ Slay+3}
   809 | D        | Bought the ring of Kag Domox {rPois MP+9} for 405 gold
                  | pieces
   809 | D        | Bought a ring of the Octopus King {Wiz HP+2 AC+2 EV+2 SH+2}
                  | for 863 gold pieces
   809 | D        | Found the ring of the Octopus King {Wiz HP+2 AC+2 EV+2
                  | SH+2}
   817 | D        | Bought a book of Spatial Translocations for 180 gold pieces
   821 | D        | Learned a level 2 spell: Blink
   874 | D        | Noticed a boulder beetle
   897 | D        | Killed a boulder beetle
   897 | D        | Reached *** piety under Sif Muna
   898 | D        | Reached skill level 11 in Spellcasting
  1055 | D        | Noticed a boulder beetle
  1091 | D        | Killed a boulder beetle
  1092 | D        | Reached XP level 10. HP: 52/61 MP: 9/25
  1193 | D        | Reached skill level 1 in Hexes
  1216 | D        | Reached skill level 12 in Spellcasting
  1216 | D        | Reached skill level 5 in Invocations
  1299 | D        | Bought a +4 ring of protection for 468 gold pieces
  1303 | D        | Bought a ring of magical power for 220 gold pieces
  1303 | D        | Bought a ring of resist corrosion for 220 gold pieces
  1303 | D        | Bought a ring of willpower for 275 gold pieces
  1314 | D        | Bought a scroll of butterflies for 40 gold pieces
  1351 | D        | Reached **** piety under Sif Muna
  1353 | D        | Reached skill level 5 in Conjurations
  1353 | D        | Reached skill level 5 in Summonings
  1353 | D        | Reached skill level 5 in Air Magic
  1353 | D        | Reached ***** piety under Sif Muna
  1353 | D        | Received a gift from Sif Muna
  1354 | D        | Got Sif Muna's Compendium of Bombardment and Transportation
                  | {god gift}
  1373 | D        | Learned a level 4 spell: Iskenderun's Mystic Blast
  1380 | D        | Learned a level 6 spell: Starburst
  1395 | D        | Noticed a death drake
  1398 | D        | Noticed a death drake
  1401 | D        | Noticed a crystal guardian
  1404 | D        | Killed a death drake
  1414 | D        | Killed a death drake
  1415 | D        | Reached skill level 13 in Spellcasting
  1646 | D        | Killed an obsidian statue
  1647 | D        | Reached XP level 11. HP: 66/66 MP: 14/28
  1755 | D        | Found Kolaf's Antique Armour Boutique.
  1761 | D        | Noticed an orange crystal statue
  1766 | D        | Killed an orange crystal statue
  1772 | D        | Noticed the 27-headed Lernaean hydra
  1833 | D        | Killed a great orb of eyes
  1834 | D        | Reached skill level 15 in Fire Magic
  1849 | D        | Received a gift from Sif Muna
  1850 | D        | Killed an oklob plant
  1851 | D        | Reached skill level 14 in Spellcasting
  1972 | D        | Noticed a black draconian knight
  1989 | D        | Killed a black draconian knight
  2016 | D        | Learned a level 6 spell: Summon Cactus Giant
  2043 | D        | Received a gift from Sif Muna
  2044 | D        | Got Huprah's Folio of the Swarm and Injury {god gift}
  2049 | D        | Learned a level 3 spell: Summon Guardian Golem
  2207 | D        | Killed the 27-headed Lernaean hydra
  2208 | D        | Reached skill level 15 in Spellcasting
  2208 | D        | Reached skill level 10 in Invocations
  2287 | D        | Found Noczitul's Magic Scroll Shoppe.
  2291 | D        | Acquired 783 gold pieces
  2303 | D        | Acquired the Vellum of the Burn
  2309 | D        | Acquired 958 gold pieces
  2311 | D        | Acquired 742 gold pieces
  2314 | D        | Bought a scroll of identify for 26 gold pieces
  2315 | D        | Bought a scroll of identify for 26 gold pieces
  2315 | D        | Bought a scroll of identify for 26 gold pieces
  2315 | D        | Bought a scroll of identify for 26 gold pieces
  2328 | D        | Learned a level 1 spell: Summon Small Mammal
  2382 | D        | Identified the staff "Bajequnn" {rElec Dex+3 Air}
  2387 | D        | Found Otucru's Book Shoppe.
  2387 | D        | Identified the staff "Alayroll" {rElec rC+ MP+9 Stlth+ Ice}
  2423 | D        | Bought a book of Frost for 240 gold pieces
  2427 | D        | Learned a level 3 spell: Hailstorm
  2502 | D        | Killed a kraken
  2503 | D        | Reached skill level 10 in Conjurations
  2503 | D        | Reached XP level 12. HP: 72/72 MP: 9/31
  2655 | D        | Noticed a sphinx
  2655 | D        | Noticed a sphinx
  2664 | D        | Killed a sphinx
  2664 | D        | Killed a sphinx
  3251 | D        | Bought a manual of Invocations for 1040 gold pieces
  3273 | D        | Reached skill level 16 in Spellcasting
  3273 | D        | Received a gift from Sif Muna
  3274 | D        | Got Sif Muna's Directory of Calling {god gift}
  3279 | D        | Learned a level 3 spell: Call Canine Familiar
  3285 | D        | Noticed Gastronok
  3299 | D        | Killed Gastronok
  3300 | D        | Reached skill level 1 in Ice Magic
  3355 | D        | Identified the +3 glaive of Resumed Hostilities {vamp,
                  | *Slow rC+++ Str+3}
  3367 | D        | Noticed a dire elephant
  3372 | D        | Reached skill level 10 in Summonings
  3372 | D        | Identified the amulet "Ditig" {Spirit rElec rF+ Regen+
                  | Dex+4}
  3373 | D        | Killed a dire elephant
  3547 | D        | Found the +3 Elemental Staff {rElec rF+ rC+ AC+3}
  3579 | D        | Identified the +4 scale mail of Summer {rElec rC++ Int-2}
  3587 | D        | Acquired 768 gold pieces
  3929 | D        | Learned a level 8 spell: Ignition
  3941 | D        | Noticed a deep elf blademaster
  3951 | D        | Killed a deep elf blademaster
  3952 | D        | Reached skill level 17 in Spellcasting
  3954 | D        | Reached XP level 13. HP: 64/78 MP: 16/34
  3964 | D        | Received a gift from Sif Muna
  3965 | D        | Got Sif Muna's Atlas of Chilly Teratogeny {god gift}
  3976 | D        | Learned a level 7 spell: Orb of Destruction
  4140 | D        | Gained mutation: You occasionally shout uncontrollably at
                  | your foes. [potion of mutation]
  4140 | D        | Gained mutation: You are partially covered in iridescent
                  | scales. (AC +2) [potion of mutation]
  4141 | D        | Lost mutation: You occasionally shout uncontrollably at
                  | your foes. [potion of mutation]
  4141 | D        | Lost mutation: You are partially covered in iridescent
                  | scales. (AC +2) [potion of mutation]
  4141 | D        | Gained mutation: You possess an exceptional clarity of
                  | mind. [potion of mutation]
  4155 | D        | Received a gift from Sif Muna
  4155 | D        | Received a gift from Sif Muna
  4155 | D        | Gained mutation: You occasionally lose the ability to read
                  | scrolls when taking damage. [a shining eye]
  4155 | D        | Gained mutation: Potions are less effective at restoring
                  | your health. [a shining eye]
  4156 | D        | Reached skill level 1 in Staves
  4156 | D        | Reached skill level 15 in Invocations
  4156 | D        | Received a gift from Sif Muna
  4158 | D        | Reached skill level 18 in Spellcasting
  4158 | D        | Lost mutation: You possess an exceptional clarity of mind.
                  | [potion of mutation]
  4158 | D        | Lost mutation: Potions are less effective at restoring your
                  | health. [potion of mutation]
  4158 | D        | Gained mutation: You are dopey. (Int -2) [potion of
                  | mutation]
  4158 | D        | Gained mutation: You have hidden genetic potential. [potion
                  | of mutation]
  4158 | D        | Gained mutation: You are partially covered in iridescent
                  | scales. (AC +2) [potion of mutation]
  4158 | D        | Gained mutation: Your system is resistant to poisons.
                  | (rPois) [potion of mutation]
  4159 | D        | Lost mutation: You are partially covered in iridescent
                  | scales. (AC +2) [potion of mutation]
  4159 | D        | Lost mutation: You are dopey. (Int -2) [potion of mutation]
  4159 | D        | Gained mutation: Your magical capacity is low. (-10% MP)
                  | [potion of mutation]
  4159 | D        | Gained mutation: You are partially covered in iridescent
                  | scales. (AC +2) [potion of mutation]
  4160 | D        | Lost mutation: Your system is resistant to poisons. (rPois)
                  | [potion of mutation]
  4160 | D        | Lost mutation: You occasionally lose the ability to read
                  | scrolls when taking damage. [potion of mutation]
  4160 | D        | Gained mutation: Your body sometimes deteriorates upon
                  | taking damage. [potion of mutation]
  4160 | D        | Gained mutation: You passively map a small area around you.
                  | [potion of mutation]
  4161 | D        | Got Sif Muna's Spellbook of the Salvo and Anthracomancy
                  | {god gift}
  4206 | D        | Learned a level 7 spell: Malign Gateway
  4287 | D        | Found Fajadghis's Jewellery Emporium.
  4292 | D        | Found Baweibuz's Magic Scroll Shop.
  4293 | D        | Noticed Nessos
  4298 | D        | Killed Nessos
  4306 | D        | Identified the ring of Hojukim {rN+ Will+ MP+9}
  4540 | D        | Bought the Folio of Terra Firma and Wounds for 528 gold
                  | pieces
  4579 | D        | Noticed Kirke
  4579 | D        | Noticed a cacodemon
  4579 | D        | Noticed a yaktaur captain
  4580 | D        | Noticed a bone dragon
  4586 | D        | Received a gift from Sif Muna
  4589 | D        | Reached skill level 5 in Hexes
  4590 | D        | Killed Kirke
  4591 | D        | Killed a yaktaur captain
  4597 | D        | Killed a bone dragon
  4600 | D        | Killed a cacodemon
  4601 | D        | Reached skill level 5 in Translocations
  4602 | D        | Noticed a golden dragon
  4618 | D        | Noticed a frost giant
  4619 | D        | Killed a golden dragon
  4633 | D        | Killed a frost giant
  4633 | D        | Reached ****** piety under Sif Muna
  4633 | D        | Received a gift from Sif Muna
  4634 | D        | Got Umolunkan's Commentary on Vehement Gloom {god gift}
  4667 | D        | Reached skill level 19 in Spellcasting
  4803 | D        | Noticed a storm dragon
  4809 | D        | Reached XP level 14. HP: 75/84 MP: 16/33
  4819 | D        | Killed a storm dragon
  4968 | D        | Got Sif Muna's Directory of Assistive Terra Firma {god
                  | gift}
  5058 | D        | Received a gift from Sif Muna
  5062 | D        | Got Sif Muna's Annotations on the Horrible Cumulonimbus
                  | {god gift}
  5066 | D        | Received a gift from Sif Muna
  5082 | D        | Found Hohyxt's Assorted Antiques.
  5082 | D        | Found Zolau's Weapon Shop.
  5083 | D        | Found Kuamudil's Antique Armour Shop.
  5083 | D        | Found Pap Xuitt's General Store.
  5083 | D        | Found Xithril's General Store.
  5083 | D        | Found Bibbiz's Distillery.
  5083 | D        | Found Xismer Paus's General Store.
  5083 | D        | Found Otimew Yfaro's General Store.
  5083 | D        | Found Ikuir's Distillery.
  5083 | D        | Found Vefasep's General Store.
  5083 | D        | Found Xoikio's Magic Scroll Shop.
  5083 | D        | Found Ruzol's Antique Weapon Shoppe.
  5100 | D        | Bought 2 potions of heal wounds for 120 gold pieces
  5100 | D        | Bought a potion of lignification for 36 gold pieces
  5101 | D        | Bought a scroll of blinking for 97 gold pieces
  5112 | D        | Bought a potion of haste for 120 gold pieces
  5112 | D        | Bought a potion of haste for 120 gold pieces
  5112 | D        | Bought a potion of curing for 36 gold pieces
  5112 | D        | Bought a potion of curing for 36 gold pieces
  5112 | D        | Bought a potion of cancellation for 96 gold pieces
  5153 | D        | Found Longoderph's Book Boutique.
  5153 | D        | Found Ilotic's Book Shoppe.
  5153 | D        | Found Dyma's Antique Armour Emporium.
  5153 | D        | Found Qausati's Antique Weapon Boutique.
  5153 | D        | Noticed a storm dragon
  5159 | D        | Killed a storm dragon
  5192 | D        | Noticed a golden dragon
  5198 | D        | Killed a golden dragon
  5198 | D        | Received a gift from Sif Muna
  5199 | D        | Reached skill level 15 in Conjurations
  5199 | D        | Got Sif Muna's Discursus on Moulding and Momentum {god
                  | gift}
  5203 | D        | Acquired the +2 buckler of Elaoron {Harm Regen+ rCorr}
  5205 | D        | Gained mutation: You are mostly covered in iridescent
                  | scales. (AC +4) [hidden potential]
  5220 | D        | Bought a Necronomicon for 702 gold pieces
  5433 | D        | Reached skill level 1 in Shields
  5564 | D        | Gained mutation: You occasionally lose the ability to drink
                  | potions when taking damage. [a shining eye]
  5569 | D        | Lost mutation: You passively map a small area around you.
                  | [potion of mutation]
  5569 | D        | Lost mutation: You occasionally lose the ability to drink
                  | potions when taking damage. [potion of mutation]
  5569 | D        | Lost mutation: You are mostly covered in iridescent scales.
                  | (AC +4) [potion of mutation]
  5569 | D        | Gained mutation: Your spells are a little harder to cast,
                  | but a little more powerful. [potion of mutation]
  5569 | D        | Gained mutation: Your body often deteriorates upon taking
                  | damage. [potion of mutation]
  5569 | D        | Gained mutation: Your spells are harder to cast, but more
                  | powerful. [potion of mutation]
  5640 | D        | Noticed an electric golem
  5656 | D        | Killed an electric golem
  5657 | D        | Reached skill level 20 in Spellcasting
  5896 | D        | Received a gift from Sif Muna
  5899 | D        | Received a gift from Sif Muna
  5908 | D        | Got Naavasoa's Reference Book on Stormy Evil Mysteries {god
                  | gift}
  5915 | D        | Reached skill level 5 in Shields
  5921 | D        | Got Sif Muna's Handbook of the Discharge and the Pyre {god
                  | gift}
  5930 | D        | Identified the staff of Nemelex Xobeh's Scorn {rPois Int+3
                  | Poison}
  5933 | D        | Identified the ring of the Solstice {Fly rC+ Int+5}
  5999 | D        | Noticed a deep elf master archer
  6000 | D        | Killed a deep elf master archer
  6035 | D        | Acquired the +3 buckler of the Garden {rPois rN+ Int+4}
  6132 | D        | Learned a level 7 spell: Summon Hydra
  6132 | D        | Noticed a purple draconian shifter
  6144 | D        | Noticed Sonja
  6149 | D        | Killed a purple draconian shifter
  6149 | D        | Received a gift from Sif Muna
  6150 | D        | Killed Sonja
  6205 | D        | Noticed a hellephant
  6312 | D        | Killed a hellephant
  6677 | D        | Bought a ring of see invisible for 195 gold pieces
  6699 | D        | Bought a potion of cancellation for 192 gold pieces
  6707 | D        | Bought a potion of haste for 130 gold pieces
  6707 | D        | Bought a potion of heal wounds for 65 gold pieces
  6707 | D        | Bought a potion of heal wounds for 65 gold pieces
  6707 | D        | Bought 2 potions of curing for 78 gold pieces
  6708 | D        | Bought a glowing hat for 196 gold pieces
  6710 | D        | Acquired a +1 buckler of protection
  6717 | D        | Acquired 788 gold pieces
  6721 | D        | Bought a potion of lignification for 30 gold pieces
  6721 | D        | Bought a potion of heal wounds for 50 gold pieces
  6825 | D        | Noticed a quicksilver dragon
  6831 | D        | Killed a quicksilver dragon
  6832 | D        | Reached skill level 21 in Spellcasting
  6832 | D        | Noticed a quicksilver dragon
  6833 | D        | Noticed a quicksilver dragon
  6840 | D        | Killed a quicksilver dragon
  6842 | D        | Killed a quicksilver dragon
  6843 | D        | Reached XP level 15. HP: 90/90 MP: 19/36
  6968 | D        | Received a gift from Sif Muna
  7083 | D        | Got Lom Lobon's Folio of Power {god gift}
  7374 | D        | Learned a level 5 spell: Fireball
  7400 | D        | Noticed Murray
  7431 | D        | Killed Murray
  7635 | D        | Noticed a royal mummy
  7635 | D        | Noticed Gloorx Vloq
  7640 | D        | Noticed an Executioner
  7642 | D        | Killed a royal mummy
  7657 | D        | Noticed an Executioner
  7657 | D        | Noticed an Executioner
  7657 | D        | Noticed an Executioner
  7657 | D        | Killed Gloorx Vloq
  7657 | D        | Received a gift from Sif Muna
  7658 | D        | Reached skill level 22 in Spellcasting
  7660 | D        | Got Sif Muna's Compendium of the Unstable Swarm {god gift}
  7689 | D        | Gained mutation: You are partially covered in large bone
                  | plates. (SH +4) [hidden potential]
  7689 | D        | Lost mutation: You have hidden genetic potential. [hidden
                  | potential expressed]
  7765 | D        | Noticed a curse toe
  7773 | D        | Killed a curse toe
  7955 | D        | Reached skill level 10 in Shields
  7981 | D        | Learned a level 1 spell: Apportation
  7990 | D        | Identified the staff "Kiucosy" {rF++ Str+2 Int-2 Conj
                  | Earth}
  8011 | D        | Got the Orb of Zot
  8030 | D        | Noticed an Orb Guardian
  8033 | D        | Killed an Orb Guardian
  8046 | D        | Noticed an Ice Fiend
  8049 | D        | Killed an Ice Fiend
  8062 | D        | Received a gift from Sif Muna
  8065 | D        | Gained mutation: You are weak. (Str -2) [a cacodemon]
  8141 | D        | Noticed an Orb Guardian
  8146 | D        | Killed an Orb Guardian
  8176 | D        | Noticed a hellephant
  8183 | D        | Killed a hellephant
  8184 | D        | Reached skill level 23 in Spellcasting
  8277 | D        | Received a gift from Sif Muna
  8278 | D        | Got Sif Muna's Omnibus of Blows and Displacement {god gift}
  8386 | D        | Noticed an Orb Guardian
  8398 | D        | Escaped with the Orb!

Illustrated notes

Levels and vault maps discovered:
D:        the_violet_keep_of_menkaure [sprint2_stairs_cluster_1,
          sprint2_shoproom, sprint2_temple, sprint2_basic_supplies,
          sprint2_obstacle_3, sprint2_obstacle_6, sprint2_obstacle_5,
          sprint2_obstacle_4, sprint2_obstacle_2, sprint2_timed_cluster_1,
          sprint2_smallroom_cluster_1, sprint2_smallroom_final_cluster_1,
          sprint2_transparent_cluster_1, sprint2_second_timed_cluster_1,
          sprint2_sniper_area_1, sprint2_heavy_combat_area_1,
          sprint2_mutation_trap_area_1, sprint2_forest_area_1,
          sprint2_light_combat_area_1, sprint2_behind_water_1,
          sprint2_near_end_vault_1]

Skill      XL: |  1  2  3  4  5  6  7  8  9 10 11 12 13 14 15 |
---------------+----------------------------------------------+-----
Dodging        | 3 4 5 6 7 8 |  8.5
Stealth        | 4 5 6 7 8 |  8.6
Spellcasting   | 3 4 5 6 9 10 11 13 15 17 19 21 23 | 23.1
Fire Magic     | 6 7 9 10 12 13 14 15 16 17 19 20 | 20.1
Fighting       | 1 2 3 4 |  4.4
Unarmed Combat | 1 2 |  2.5
Conjurations   | 2 3 4 6 10 12 14 17 19 | 19.5
Summonings     | 1 4 6 8 10 11 12 13 | 13.7
Air Magic      | 1 4 5 |  5.0
Invocations    | 1 4 7 10 13 17 18 | 18.4
Translocations | 3 5 8 9 |  9.2
Hexes          | 2 4 5 |  5.8
Ice Magic      | 1 2 3 |  3.1
Staves         | 1 3 |  3.1
Shields        | 7 10 | 10.2

Action                     |  1- 3 |  4- 6 |  7- 9 | 10-12 | 13-15 || total
---------------------------+-------+-------+-------+-------+-------++-------
  Melee: Unarmed           |     3 |     6 |       |       |       ||     9
         Constrict         |     1 |     2 |       |     3 |     5 ||    11
         Tentacles         |     1 |     1 |     1 |     6 |     9 ||    18
         Staff             |       |       |     1 |    10 |    27 ||    38
         Punch             |       |       |       |     1 |     3 ||     4
   Cast: Foxfire           |     1 |     2 |    24 |    41 |    10 ||    78
         Scorch            |       |     7 |    32 |    10 |       ||    49
         Flame Wave        |       |     1 |     5 |     4 |     3 ||    13
         Summon Lightning  |       |       |     5 |    17 |       ||    22
         Inner Flame       |       |       |     2 |    12 |       ||    14
         Fulminant Prism   |       |       |     1 |     5 |       ||     6
         Blink             |       |       |     1 |     1 |     1 ||     3
         Iskenderun's Myst |       |       |       |    10 |    31 ||    41
         Starburst         |       |       |       |    51 |    42 ||    93
         Airstrike         |       |       |       |     7 |       ||     7
         Summon Cactus Gia |       |       |       |    19 |       ||    19
         Summon Guardian G |       |       |       |    11 |    11 ||    22
         Hailstorm         |       |       |       |     3 |    19 ||    22
         Summon Small Mamm |       |       |       |     3 |       ||     3
         Call Canine Famil |       |       |       |     1 |       ||     1
         Ignition          |       |       |       |       |    33 ||    33
         Orb of Destructio |       |       |       |       |    53 ||    53
         Malign Gateway    |       |       |       |       |     8 ||     8
         Summon Hydra      |       |       |       |       |    16 ||    16
         Fire Storm        |       |       |       |       |     1 ||     1
 Invoke: Channel Magic     |       |       |     1 |     1 |    12 ||    14
         Forget Spell      |       |       |       |     5 |     2 ||     7
         Divine Exegesis   |       |       |       |       |     1 ||     1
    Use: Potion            |     1 |       |     2 |     7 |    17 ||    27
         Scroll            |       |    11 |     1 |    14 |     5 ||    31
 Armour: Skin              |       |       |       |     4 |    30 ||    34
  Dodge: Dodged            |       |    10 |     8 |    33 |    79 ||   130
  Block: Other             |       |       |       |     1 |     4 ||     5
         Buckler           |       |       |       |       |    17 ||    17
         Form:             |       |       |       |       |     1 ||     1
         Storm             |       |       |       |       |     1 ||     1

Table legend: (Time is in decaauts)
 A = Elapsed time spent in this place.
 B = Non-inter-level travel time spent in this place.
 C = Inter-level travel time spent in this place.
 D = Time resting spent in this place.
 E = Time spent auto-exploring this place.
 F = Levels seen in this place.
 G = Mean time per level.
                   A        B        C        D        E       F      G
               +--------+--------+--------+--------+--------+-----+--------+
         Total |   8362 |   8352 |     10 |   4113 |      0 |   1 | 8362.0 |
       Dungeon |   8362 |   8352 |     10 |   4113 |      0 |   1 | 8362.0 |
               +--------+--------+--------+--------+--------+-----+--------+

Top non-repeatable levels by time:
       D: 8362 daAuts
